 Dungeon Crawl Stone Soup version 0.30-a0-170-g85af917532 (webtiles) character file.

Game seed: 11254779082465448887

49919 qw the Severer (level 14, -10/92 HPs)
             Began as a Gargoyle Fighter on Oct 1, 2022.
             Was a High Priest of Okawaru.
             Mangled by an enormous slime creature (40 damage)
             ... on level 12 of the Dungeon.
             The game lasted 00:08:25 (18967 turns).

qw the Severer (Gargoyle Fighter)                  Turns: 18967, Time: 00:08:26

Health: -10/92     AC: 35    Str: 29    XL:     14   Next: 52%
Magic:  19/21      EV: 15    Int:  8    God:    Okawaru [*****.]
Gold:   924        SH:  6    Dex:  9    Spells: 13/13 levels left

rFire   + . .      SeeInvis +    z - +0 broad axe
rCold   . . .      Faith    .    c - +0 buckler
rNeg    + . .      Spirit   .    h - +0 shadow dragon scales
rPois   inf        Reflect  .    v - +0 helmet
rElec   +          Harm     .    (no cloak)
rCorr   .          Rampage  .    q - +1 pair of gloves "Uheroniu" {*Corrode Regen+ Str+3 SInv}
Will    +....                    r - +0 pair of boots
Stlth   ++++......               x - amulet of regeneration
HPRegen 1.85/turn                n - +4 ring of evasion
MPRegen 0.17/turn                p - ring of protection from fire

@: about to teleport, heroic, flying
A: sickness immunity, AC +10, big wings, negative energy resistance 1,
electricity resistance, torment resistance 1, petrification resistance
a: Renounce Religion, Heroism, Finesse, Duel


You were on level 12 of the Dungeon.
You worshipped Okawaru.
Okawaru was extremely pleased with you.
You visited 3 branches of the dungeon, and saw 18 of its levels.

You collected 924 gold pieces.


Innate Abilities, Weirdness & Mutations

You are immune to sickness and miasma.
Your stone body is resilient. (AC +10)
You are immune to poison.
Your large and strong wings let you fly.
You resist negative energy. (rN+)
You are resistant to electric shocks. (rElec)
You are resistant to unholy torment.
You are immune to petrification.


   Skills:
 - Level 12.0(17.0) Fighting
 + Level 15.1(20.1) Axes
 - Level 5.1(10.1) Throwing
 - Level 11.0(16.0) Armour
 - Level 3.1(8.1) Dodging
 - Level 7.3(12.3) Shields
 - Level 10.0 Invocations


You had 13 spell levels left.
You didn't know any spells.
Your spell library was empty.

Inventory:

Hand Weapons
 k - a +0 flail of protection
 z - a +0 broad axe (weapon)
Missiles
 t - 2 boomerangs
 u - 8 javelins (quivered)
Armour
 c - a +0 buckler (worn)
 h - +0 shadow dragon scales (worn)
 j - +0 ice dragon scales
 q - the +1 pair of gloves "Uheroniu" (worn) {*Corrode Regen+ Str+3 SInv}
   (Okawaru gifted it to you on level 4 of the Lair of Beasts)

   Str:       It affects your strength (+3).
   SInv:      It lets you see invisible.
   Regen:     It increases your rate of health regeneration.
   *Corrode:  It may corrode you when you take damage.
 r - a +0 pair of boots (worn)
 v - a +0 helmet (worn)
 y - a +0 tower shield
Jewellery
 n - a +4 ring of evasion (left hand)
 p - a ring of protection from fire (right hand)
 w - a ring of magical power
 x - an amulet of regeneration (around neck)
Scrolls
 b - 9 scrolls of teleportation
 f - 6 scrolls of identify
Potions
 a - 2 potions of lignification
 d - 4 potions of might
 e - a potion of heal wounds
 g - a potion of mutation
 i - a potion of cancellation
 l - a potion of magic
 m - 6 potions of haste
 o - 7 potions of curing
 s - a potion of resistance
 A - a potion of attraction

Dungeon Overview and Level Annotations

Branches:
Dungeon (12/15)            Temple (1/1) D:7            Lair (5/5) D:10
  Swamp (0/4) Lair:3       Spider (0/4) Lair:3        Slime (0/5) Lair:5
    Orc (0/2) D:10

Altars:
Ashenzari
Cheibriados
Dithmenos
Elyvilon
Fedhas
Gozag
Hepliaklqana
Kikubaaqudgha
Makhleb
Nemelex Xobeh
Okawaru
Qazlal
Ru
Sif Muna
Trog
Uskayaw
Vehumet
Wu Jian
Xom
Yredelemnul
Zin
The Shining One

Shops:
D:11 :

Annotations:
Lair:3 1 runed translucent door, qw's ghost, journeyman GrFi
Lair:5 2 runed translucent doors


Message History

There is an open door here.
You reach down and open the door.
There is an open door here.
There is an open door here.
You reach down and open the door. 3 slime creatures come into view.
The slime creature quivers. x2
Two slime creatures merge to form a large slime creature.
You hit the large slime creature.
The large slime creature is lightly wounded.
You slash the large slime creature!
The large slime creature is lightly wounded.
The large slime creature barely misses you.
A slime creature comes into view.
You slash the large slime creature!
The large slime creature is lightly wounded.
You slice the large slime creature!!
The large slime creature is moderately wounded.
Two slime creatures merge to form a very large slime creature.
18961 ||| INVOKING Heroism.
You gain the combat prowess of a mighty hero.
Two slime creatures merge to form an enormous slime creature.
18962 ||| READING 10 scrolls of teleportation.
As you read the scroll of teleportation, it crumbles to dust.
You feel strangely unstable.
You slash the enormous slime creature!
The enormous slime creature is moderately wounded.
The enormous slime creature hits you!!!
You slash the enormous slime creature!
The enormous slime creature is moderately wounded.
You block the enormous slime creature's attack.
You slice the enormous slime creature!!
The enormous slime creature is heavily wounded.
The enormous slime creature hits you!!
You slash the enormous slime creature!
The enormous slime creature is heavily wounded.
You slice the enormous slime creature!!
The enormous slime creature is heavily wounded.
The enormous slime creature hits you!!!
You die...

#....# #....+ #....# #....# ....#
... #J# #@# #.# #.# ###### #.#
######### .....#
######.########........
.....######......................
.....##.....###..########.>......
...<.'..##### #....## #........
.....#### #.##..## #P~7.....


You could see an enormous slime creature.

Vanquished Creatures
  Nessos (Lair:5)
  Josephine (Lair:4)
  An ogre mage (D:12)
  5 hydras
  8 two-headed ogres
  Urug (D:12)
  A deep troll (Lair:3)
  A lindwurm (Lair:5)
  An oklob plant (Lair:4)
  2 ugly things (D:12)
  12 elephants
  8 black mambas
  3 molten gargoyles (Lair:5)
  11 cane toads
  A kobold demonologist (D:10)
  A rime drake (Lair:5)
  16 komodo dragons
  2 polar bears
  3 trolls
  Prince Ribbit (D:8)
  9 blink frogs
  2 hornets
  A tyrant leech (Lair:3)
  A shadow (D:12)
  Sigmund (D:5)
  4 wraiths
  4 wyverns (Lair:5)
  Eustachio (D:6)
  56 yaks
  A vampire (D:12)
  Grum (D:9)
  6 basilisks
  2 redbacks (Lair:3)
  2 vampire mosquitoes (D:12)
  3 steam dragons (Lair:5)
  Edmund (D:5)
  3 swamp worms (Lair:3)
  4 hell hounds (Lair:5)
  11 water moccasins
  2 orc warriors
  A sky beast (D:7)
  3 black bears
  4 ogres
  9 wolves
  4 centaurs
  A kobold brigand (D:5)
  4 bullfrogs
  A necrophage (D:5)
  2 scorpions
  A gnoll sergeant (D:11)
  12 wights
  9 electric eels
  5 lava snakes (Lair:5)
  2 howler monkeys
  9 hounds
  2 gnoll boudas
  4 orc priests
  4 jellies
  Ijyb (D:5)
  10 iguanas
  7 orc wizards
  16 gnolls
  10 adders
  A white imp (D:6)
  3 ufetubi
  4 worms
  2 dart slugs
  26 orcs
  7 ball pythons
  10 endoplasms
  4 giant cockroaches
  8 goblins
  8 hobgoblins
  7 jackals
  7 quokkas
  4 bats
  5 frilled lizards
  19 kobolds
  3 rats
434 creatures vanquished.

Vanquished Creatures (others)
  A komodo dragon (Lair:5)
  10 fungi
  21 plants
  2 withered plants (Lair:3)
34 creatures vanquished.

Grand Total: 468 creatures vanquished

Notes
Turn   | Place    | Note
-------+----------+-------------------------------------------
     0 | D:1      | qw the Gargoyle Fighter began the quest for the Orb.
     0 | D:1      | Reached XP level 1. HP: 14/14 MP: 1/1
     0 | D:1      | 0 ||| qw: Version: 0.2-a-13-gfc7b4b4
     0 | D:1      | 0 ||| qw: Game counter: 1754
     0 | D:1      | 0 ||| qw: Always use a shield: true
     0 | D:1      | 0 ||| qw: God list: Okawaru
     0 | D:1      | 0 ||| qw: Allow faded altars: false
     0 | D:1      | 0 ||| qw: Do Orc after D:15 true
     0 | D:1      | 0 ||| qw: Do second Lair branch before Depths: true
     0 | D:1      | 0 ||| qw: Lair rune preference: random
     0 | D:1      | 0 ||| qw: Plans: Normal, Zot:1-4, God:TSO, Crypt, Tomb,
                  | Pan, Slime:5, Hells, Abyss, Orb
     0 | D:1      | 0 ||| PLANNING D:1-11
     7 | D:1      | 7 ||| Stepping ~*~*~tactically~*~*~ (stealth).
    36 | D:1      | Reached skill level 2 in Axes
   174 | D:1      | 174 ||| DROPPING +0 club.
   211 | D:1      | Found a faded altar of an unknown god.
   392 | D:1      | Reached XP level 2. HP: 19/19 MP: 2/2
   517 | D:1      | Reached skill level 3 in Axes
   525 | D:1      | Reached XP level 3. HP: 18/23 MP: 3/3
   954 | D:1      | 954 ||| READING scroll labelled LUSINU FUEVEU.
   957 | D:1      | 957 ||| READING scroll labelled HAONAM GILYMP.
   958 | D:1      | 958 ||| READING scroll labelled MYTOH YLISHRE.
   959 | D:1      | 959 ||| READING scroll labelled NED KOAHAOGIL.
   960 | D:1      | 960 ||| READING scroll labelled VUILUD UHEVEK.
   961 | D:1      | 961 ||| DRINKING 2 fuming green potions.
  1100 | D:2      | 1100 ||| Stepping ~*~*~tactically~*~*~ (stealth).
  1106 | D:2      | 1106 ||| Stepping ~*~*~tactically~*~*~ (stealth).
  1229 | D:2      | Reached XP level 4. HP: 28/28 MP: 4/4
  1379 | D:2      | Reached skill level 4 in Axes
  1479 | D:2      | 1479 ||| Stepping ~*~*~tactically~*~*~ (stealth).
  1822 | D:2      | 1822 ||| UPGRADING to +0 pair of gloves.
  1827 | D:2      | 1827 ||| READING 2 scrolls of identify.
  1827 | D:2      | 1827 ||| IDENTIFYING orange potion
  1893 | D:3      | 1893 ||| Stepping ~*~*~tactically~*~*~ (stealth).
  1896 | D:3      | 1896 ||| Stepping ~*~*~tactically~*~*~ (hiding).
  2072 | D:3      | 2072 ||| DROPPING +0 whip.
  2119 | D:3      | Found a radiant altar of Vehumet.
  2129 | D:3      | HP: 5/28 [something (3)]
  2130 | D:3      | 2130 ||| READING scroll of teleportation.
  2237 | D:3      | 2237 ||| Invisible monster not found???
  2460 | D:3      | 2460 ||| Stepping ~*~*~tactically~*~*~ (stealth).
  2475 | D:3      | Reached XP level 5. HP: 27/32 MP: 5/5
  2484 | D:3      | 2484 ||| FLEEEEING.
  2485 | D:3      | 2485 ||| FLEEEEING.
  2486 | D:3      | 2486 ||| FLEEEEING.
  2487 | D:3      | 2487 ||| FLEEEEING.
  2488 | D:3      | 2488 ||| FLEEEEING.
  2489 | D:3      | 2489 ||| FLEEEEING.
  2490 | D:3      | 2490 ||| FLEEEEING.
  2625 | D:3      | 2625 ||| Stepping ~*~*~tactically~*~*~ (stealth).
  2775 | D:3      | Reached skill level 5 in Axes
  2856 | D:3      | HP: 2/32 [orc priest/divine providence (11)]
  2861 | D:3      | Reached XP level 6. HP: 3/38 MP: 6/6
  2873 | D:3      | HP: 4/38 [orc/+0 flail (1)]
  2881 | D:3      | HP: 4/38 [adder (1)]
  2885 | D:3      | Reached skill level 1 in Dodging
  3161 | D:3      | 3161 ||| SWAPPING to +2 war axe of electrocution.
  3162 | D:3      | 3162 ||| DROPPING +0 war axe.
  3311 | D:3      | 3311 ||| Stepping ~*~*~tactically~*~*~ (stealth).
  3460 | D:3      | 3460 ||| UPGRADING to +0 chain mail.
  3470 | D:3      | 3470 ||| DROPPING +0 scale mail.
  3471 | D:3      | 3471 ||| UPGRADING to +4 ring of evasion.
  3472 | D:3      | 3472 ||| READING 4 scrolls of identify.
  3472 | D:3      | 3472 ||| IDENTIFYING green potion
  3473 | D:3      | 3473 ||| READING 3 scrolls of identify.
  3473 | D:3      | 3473 ||| IDENTIFYING bubbling cyan potion
  3474 | D:3      | 3474 ||| READING 2 scrolls of identify.
  3474 | D:3      | 3474 ||| IDENTIFYING brown potion
  3637 | D:4      | Found a broken altar of Ashenzari.
  3759 | D:4      | Found an ornate altar of the Wu Jian Council.
  3808 | D:4      | Found a sparkling altar of Nemelex Xobeh.
  3855 | D:4      | Reached skill level 6 in Axes
  3855 | D:4      | Reached XP level 7. HP: 38/43 MP: 7/7
  3935 | D:4      | 3935 ||| Stepping ~*~*~tactically~*~*~ (stealth).
  4142 | D:4      | 4142 ||| Stepping ~*~*~tactically~*~*~ (stealth).
  4144 | D:4      | 4144 ||| Stepping ~*~*~tactically~*~*~ (stealth).
  4146 | D:4      | 4146 ||| Stepping ~*~*~tactically~*~*~ (stealth).
  4148 | D:4      | 4148 ||| Stepping ~*~*~tactically~*~*~ (stealth).
  4150 | D:4      | 4150 ||| Stepping ~*~*~tactically~*~*~ (stealth).
  4152 | D:4      | 4152 ||| Stepping ~*~*~tactically~*~*~ (stealth).
  4154 | D:4      | 4154 ||| Stepping ~*~*~tactically~*~*~ (stealth).
  4475 | D:4      | 4475 ||| UPGRADING to +0 pair of boots.
  4480 | D:4      | 4480 ||| READING scroll labelled NISONW DIUJIMI.
  4481 | D:4      | 4481 ||| READING 2 scrolls of identify.
  4481 | D:4      | 4481 ||| IDENTIFYING purple potion
  4482 | D:4      | 4482 ||| DROPPING potion of degeneration.
  4496 | D:5      | Entered Level 5 of the Dungeon
  4512 | D:5      | 4512 ||| Stepping ~*~*~tactically~*~*~ (stealth).
  4712 | D:5      | Noticed Ijyb
  4713 | D:5      | 4713 ||| Stepping ~*~*~tactically~*~*~ (hiding).
  4721 | D:5      | Killed Ijyb
  4747 | D:5      | 4747 ||| Stepping ~*~*~tactically~*~*~ (stealth).
  4766 | D:5      | Noticed Sigmund
  4772 | D:5      | Killed Sigmund
  4773 | D:5      | Reached skill level 7 in Axes
  4775 | D:5      | 4775 ||| FLEEEEING.
  4776 | D:5      | 4776 ||| FLEEEEING.
  4782 | D:5      | 4782 ||| STAIRDANCE
  4916 | D:5      | Found a shimmering altar of Xom.
  4939 | D:5      | Reached XP level 8. HP: 48/48 MP: 8/8
  5152 | D:5      | 5152 ||| Stepping ~*~*~tactically~*~*~ (stealth).
  5159 | D:5      | 5159 ||| Stepping ~*~*~tactically~*~*~ (stealth).
  5274 | D:5      | Noticed Edmund
  5284 | D:5      | Killed Edmund
  5285 | D:5      | Reached skill level 8 in Axes
  5288 | D:5      | 5288 ||| DROPPING +0 flail.
  5530 | D:5      | 5530 ||| READING scroll labelled ASOZEA ESHUEXY.
  5531 | D:5      | 5531 ||| READING 2 scrolls of identify.
  5531 | D:5      | 5531 ||| IDENTIFYING fuming amethyst potion
  5532 | D:5      | 5532 ||| DROPPING potion of magic.
  5653 | D:6      | 5653 ||| Stepping ~*~*~tactically~*~*~ (stealth).
  5731 | D:6      | 5731 ||| Stepping ~*~*~tactically~*~*~ (hiding).
  5732 | D:6      | 5732 ||| Stepping ~*~*~tactically~*~*~ (hiding).
  5929 | D:6      | Reached skill level 6 in Fighting
  6112 | D:6      | Noticed Eustachio
  6132 | D:6      | 6132 ||| Stepping ~*~*~tactically~*~*~ (stealth).
  6134 | D:6      | 6134 ||| FLEEEEING.
  6136 | D:6      | Killed Eustachio
  6137 | D:6      | Reached skill level 9 in Axes
  6137 | D:6      | Reached XP level 9. HP: 45/55 MP: 9/9
  6284 | D:6      | Found a sacrificial altar of Ru.
  6484 | D:6      | Found a hide-covered altar of Uskayaw.
  6590 | D:6      | 6590 ||| READING scroll labelled BUDUC OVOUFEGG.
  6591 | D:6      | 6591 ||| READING scroll labelled HENITZYUSE.
  6608 | D:7      | 6608 ||| STAIRDANCE
  6621 | D:7      | 6621 ||| STAIRDANCE
  6636 | D:7      | 6636 ||| STAIRDANCE
  6717 | D:7      | Reached skill level 1 in Throwing
  7010 | D:7      | Found a staircase to the Ecumenical Temple.
  7011 | D:7      | 7011 ||| PLANNING TEMPLE
  7025 | D:7      | 7025 ||| Stepping ~*~*~tactically~*~*~ (hiding).
  7031 | D:7      | 7031 ||| Stepping ~*~*~tactically~*~*~ (hiding).
  7032 | D:7      | 7032 ||| Stepping ~*~*~tactically~*~*~ (hiding).
  7056 | Temple   | Entered the Ecumenical Temple
  7067 | Temple   | 7067 ||| PLANNING OKAWARU WORSHIP
  7161 | Temple   | Became a worshipper of Warmaster Okawaru
  7162 | Temple   | 7162 ||| PLANNING D:1-11
  7360 | D:7      | 7360 ||| READING scroll labelled GUKY ADUISCH.
  7423 | D:7      | 7423 ||| READING 2 scrolls of identify.
  7423 | D:7      | 7423 ||| IDENTIFYING sedimented amethyst potion
  7424 | D:7      | 7424 ||| DROPPING potion of flight.
  7468 | D:8      | Noticed Prince Ribbit
  7485 | D:8      | Killed Prince Ribbit
  7532 | D:8      | Found a shadowy altar of Dithmenos.
  7715 | D:8      | Reached skill level 10 in Axes
  7992 | D:8      | Reached * piety under Okawaru
  7993 | D:8      | Reached XP level 10. HP: 42/64 MP: 10/10
  7993 | D:8      | 7993 ||| INVOKING Heroism.
  7996 | D:8      | HP: 11/64 [yak (9)]
  7996 | D:8      | HP: 3/64 [yak (8)]
  7997 | D:8      | 7997 ||| READING 4 scrolls of teleportation.
  7998 | D:8      | 7998 ||| DRINKING potion of heal wounds.
  8001 | D:8      | Reached skill level 1 in Invocations
  8225 | D:8      | 8225 ||| Stepping ~*~*~tactically~*~*~ (stealth).
  8468 | D:8      | 8468 ||| READING scroll labelled ZEN ULITIAFA.
  8469 | D:8      | 8469 ||| DRINKING 3 fuming black potions.
  8470 | D:8      | 8470 ||| READING 4 scrolls of identify.
  8470 | D:8      | 8470 ||| IDENTIFYING viscous coppery potion
  8471 | D:8      | 8471 ||| READING 3 scrolls of identify.
  8471 | D:8      | 8471 ||| IDENTIFYING fizzy pink potion
  8472 | D:8      | 8472 ||| DROPPING potion of berserk rage.
  8473 | D:8      | 8473 ||| DROPPING potion of invisibility.
  8651 | D:9      | 8651 ||| INVOKING Heroism.
  8659 | D:9      | Reached skill level 6 in Armour
  8659 | D:9      | Reached skill level 3 in Invocations
  8745 | D:9      | Noticed Grum
  8746 | D:9      | 8746 ||| INVOKING Heroism.
  8762 | D:9      | 8762 ||| INVOKING Heroism.
  8774 | D:9      | Killed Grum
  8990 | D:9      | 8990 ||| INVOKING Heroism.
  9162 | D:9      | 9162 ||| INVOKING Heroism.
  9172 | D:9      | Reached skill level 3 in Throwing
  9194 | D:9      | Reached ** piety under Okawaru
  9459 | D:9      | 9459 ||| UPGRADING to +0 plate armour.
  9469 | D:9      | 9469 ||| DROPPING +0 chain mail.
  9470 | D:9      | 9470 ||| DROPPING ring of flight.
  9471 | D:9      | 9471 ||| READING scroll labelled VAWKEAMIXE.
  9496 | D:10     | Entered Level 10 of the Dungeon
  9515 | D:10     | 9515 ||| INVOKING Heroism.
  9520 | D:10     | Found a staircase to the Lair.
  9533 | D:10     | 9533 ||| INVOKING Heroism.
  9553 | D:10     | Noticed a two-headed ogre
  9573 | D:10     | 9573 ||| INVOKING Heroism.
  9579 | D:10     | Killed a two-headed ogre
  9661 | D:10     | 9661 ||| INVOKING Heroism.
  9694 | D:10     | 9694 ||| INVOKING Heroism.
  9712 | D:10     | 9712 ||| DROPPING +2 flail of holy wrath.
  9714 | D:10     | 9714 ||| Stepping ~*~*~tactically~*~*~ (water).
  9721 | D:10     | Reached skill level 11 in Axes
  9721 | D:10     | Reached XP level 11. HP: 66/68 MP: 14/14
  9768 | D:10     | 9768 ||| DROPPING +3 flail.
  9785 | D:10     | 9785 ||| INVOKING Heroism.
  9797 | D:10     | Reached *** piety under Okawaru
  9804 | D:10     | Reached skill level 9 in Fighting
  9973 | D:10     | 9973 ||| INVOKING Heroism.
 10179 | D:10     | Found a staircase to the Orcish Mines.
 10202 | D:10     | 10202 ||| INVOKING Heroism.
 10328 | D:10     | Identified the +1 leather armour of Proximity {Str+4}
 10567 | D:10     | Found a blossoming altar of Fedhas.
 10628 | D:10     | 10628 ||| INVOKING Heroism.
 10877 | D:10     | 10877 ||| PLANNING LAIR
 10917 | Lair:1   | Entered Level 1 of the Lair of Beasts
 10995 | Lair:1   | 10995 ||| INVOKING Heroism.
 11007 | Lair:1   | Reached **** piety under Okawaru
 11007 | Lair:1   | Received a gift from Okawaru
 11008 | Lair:1   | Reached skill level 12 in Axes
 11075 | Lair:1   | 11075 ||| INVOKING Heroism.
 11077 | Lair:1   | 11077 ||| Stepping ~*~*~tactically~*~*~ (stealth).
 11182 | Lair:1   | 11182 ||| Stepping ~*~*~tactically~*~*~ (hiding).
 11270 | Lair:1   | 11270 ||| INVOKING Heroism.
 11439 | Lair:1   | 11439 ||| INVOKING Heroism.
 11446 | Lair:1   | Reached skill level 6 in Shields
 11462 | Lair:1   | Reached skill level 6 in Invocations
 11833 | Lair:1   | 11833 ||| DROPPING orb of light.
 11834 | Lair:1   | 11834 ||| READING scroll labelled QIOLAU REQ VYO.
 11835 | Lair:1   | 11835 ||| DRINKING 2 fizzy golden potions.
 11836 | Lair:1   | 11836 ||| DROPPING potion of brilliance.
 11885 | Lair:2   | 11885 ||| Stepping ~*~*~tactically~*~*~ (stealth).
 11889 | Lair:2   | 11889 ||| INVOKING Heroism.
 12071 | Lair:2   | 12071 ||| INVOKING Heroism.
 12085 | Lair:2   | Reached XP level 12. HP: 52/76 MP: 14/16
 12214 | Lair:2   | 12214 ||| Stepping ~*~*~tactically~*~*~ (stealth).
 12216 | Lair:2   | 12216 ||| INVOKING Heroism.
 12300 | Lair:2   | 12300 ||| INVOKING Heroism.
 12305 | Lair:2   | Reached ***** piety under Okawaru
 12336 | Lair:2   | 12336 ||| INVOKING Heroism.
 12364 | Lair:2   | Received a gift from Okawaru
 12419 | Lair:2   | 12419 ||| Stepping ~*~*~tactically~*~*~ (stealth).
 12421 | Lair:2   | 12421 ||| Stepping ~*~*~tactically~*~*~ (stealth).
 12423 | Lair:2   | 12423 ||| Stepping ~*~*~tactically~*~*~ (stealth).
 12432 | Lair:2   | 12432 ||| INVOKING Heroism.
 12444 | Lair:2   | Reached skill level 9 in Armour
 12447 | Lair:2   | Received a gift from Okawaru
 12719 | Lair:2   | 12719 ||| INVOKING Heroism.
 12748 | Lair:2   | Noticed a six-headed hydra
 12749 | Lair:2   | 12749 ||| INVOKING Heroism.
 12750 | Lair:2   | 12750 ||| INVOKING Finesse.
 12755 | Lair:2   | 12755 ||| SWAPPING to +0 flail of protection.
 12765 | Lair:2   | Killed a six-headed hydra
 12766 | Lair:2   | Reached skill level 9 in Invocations
 12766 | Lair:2   | 12766 ||| SWAPPING to +2 war axe of protection.
 12986 | Lair:2   | 12986 ||| INVOKING Heroism.
 13365 | Lair:2   | 13365 ||| READING scroll labelled EGHUEB JOCEVEN.
 13466 | Lair:2   | 13466 ||| READING scroll labelled WINEEFI GEUKHU.
 13492 | Lair:3   | 13492 ||| STAIRDANCE
 13539 | Lair:3   | 13539 ||| STAIRDANCE
 13541 | Lair:2   | 13541 ||| INVOKING Heroism.
 13623 | Lair:3   | 13623 ||| STAIRDANCE
 13659 | Lair:3   | 13659 ||| Stepping ~*~*~tactically~*~*~ (stealth).
 13741 | Lair:3   | 13741 ||| INVOKING Heroism.
 13807 | Lair:3   | Found a hole to the Spider Nest.
 13857 | Lair:3   | 13857 ||| INVOKING Heroism.
 13876 | Lair:3   | Reached skill level 13 in Axes
 13876 | Lair:3   | Reached XP level 13. HP: 82/82 MP: 20/20
 14092 | Lair:3   | 14092 ||| Stepping ~*~*~tactically~*~*~ (hiding).
 14093 | Lair:3   | 14093 ||| INVOKING Heroism.
 14094 | Lair:3   | Found a staircase to the Swamp.
 14331 | Lair:3   | 14331 ||| INVOKING Heroism.
 14339 | Lair:3   | Received a gift from Okawaru
 14535 | Lair:3   | Found a runed translucent door.
 14535 | Lair:3   | Noticed qw's ghost (journeyman GrFi)
 14566 | Lair:3   | 14566 ||| INVOKING Heroism.
 14795 | Lair:3   | 14795 ||| DRINKING 2 sedimented blue potions.
 14916 | Lair:4   | Found an ancient bone altar of Kikubaaqudgha.
 14917 | Lair:4   | 14917 ||| FLEEEEING.
 15052 | Lair:4   | Noticed Josephine
 15053 | Lair:4   | 15053 ||| Stepping ~*~*~tactically~*~*~ (stealth).
 15054 | Lair:4   | 15054 ||| INVOKING Heroism.
 15068 | Lair:4   | Killed Josephine
 15076 | Lair:4   | Identified the +1 pair of gloves "Uheroniu" {*Corrode
                  | Regen+ Str+3 SInv} (Okawaru gifted it to you on level 4 of
                  | the Lair of Beasts)
 15076 | Lair:4   | Received a gift from Okawaru
 15095 | Lair:4   | 15095 ||| Stepping ~*~*~tactically~*~*~ (stealth).
 15096 | Lair:4   | 15096 ||| Stepping ~*~*~tactically~*~*~ (stealth).
 15299 | Lair:4   | 15299 ||| Stepping ~*~*~tactically~*~*~ (stealth).
 15305 | Lair:4   | 15305 ||| INVOKING Heroism.
 15315 | Lair:4   | Reached skill level 14 in Axes
 15652 | Lair:4   | You fall into a shaft and drop 1 floor!
 15652 | Lair:5   | Entered Level 5 of the Lair of Beasts
 15663 | Lair:5   | 15663 ||| INVOKING Heroism.
 15664 | Lair:5   | 15664 ||| INVOKING Finesse.
 15668 | Lair:5   | 15668 ||| SWAPPING to +0 flail of protection.
 15670 | Lair:5   | 15670 ||| SWAPPING to +3 war axe of protection.
 15824 | Lair:5   | 15824 ||| INVOKING Heroism.
 15825 | Lair:5   | 15825 ||| SWAPPING to +0 flail of protection.
 15826 | Lair:5   | 15826 ||| INVOKING Finesse.
 15838 | Lair:5   | 15838 ||| SWAPPING to +3 war axe of protection.
 15882 | Lair:5   | Identified the +5 quarterstaff of Yeast {venom, rF+ rCorr
                  | Dex-3}
 15888 | Lair:5   | 15888 ||| INVOKING Heroism.
 15937 | Lair:5   | 15937 ||| INVOKING Heroism.
 16035 | Lair:5   | 16035 ||| UPGRADING to +0 shadow dragon scales.
 16045 | Lair:5   | 16045 ||| DROPPING +0 plate armour.
 16046 | Lair:5   | 16046 ||| UPGRADING to +1 pair of gloves "Uheroniu"
                  | {*Corrode Regen+ Str+3 SInv}.
 16056 | Lair:5   | 16056 ||| DROPPING +0 pair of gloves.
 16057 | Lair:5   | 16057 ||| DROPPING scarf of invisibility.
 16058 | Lair:5   | 16058 ||| UPGRADING to amulet of regeneration.
 16063 | Lair:5   | 16063 ||| READING scroll labelled ZAYXKIRCHIT.
 16064 | Lair:5   | 16064 ||| READING scroll labelled TUEGAU TAWK.
 16065 | Lair:5   | 16065 ||| DRINKING 2 fuming purple potions.
 16110 | Lair:4   | 16110 ||| INVOKING Heroism.
 16111 | Lair:4   | 16111 ||| INVOKING Finesse.
 16347 | Lair:5   | 16347 ||| INVOKING Heroism.
 16350 | Lair:5   | 16350 ||| STAIRDANCE
 16363 | Lair:5   | 16363 ||| STAIRDANCE
 16385 | Lair:5   | 16385 ||| STAIRDANCE
 16418 | Lair:5   | 16418 ||| INVOKING Heroism.
 16439 | Lair:5   | Found a staircase to the Slime Pits.
 16776 | Lair:5   | 16776 ||| Stepping ~*~*~tactically~*~*~ (stealth).
 16778 | Lair:5   | 16778 ||| Stepping ~*~*~tactically~*~*~ (stealth).
 16779 | Lair:5   | 16779 ||| Stepping ~*~*~tactically~*~*~ (stealth).
 16780 | Lair:5   | 16780 ||| Stepping ~*~*~tactically~*~*~ (stealth).
 16782 | Lair:5   | 16782 ||| Stepping ~*~*~tactically~*~*~ (stealth).
 16783 | Lair:5   | 16783 ||| Stepping ~*~*~tactically~*~*~ (stealth).
 16784 | Lair:5   | 16784 ||| Stepping ~*~*~tactically~*~*~ (stealth).
 16785 | Lair:5   | 16785 ||| INVOKING Heroism.
 16812 | Lair:5   | Received a gift from Okawaru
 16822 | Lair:5   | Noticed Nessos
 16823 | Lair:5   | 16823 ||| Stepping ~*~*~tactically~*~*~ (stealth).
 16824 | Lair:5   | 16824 ||| INVOKING Finesse.
 16829 | Lair:5   | 16829 ||| Stepping ~*~*~tactically~*~*~ (hiding).
 16830 | Lair:5   | 16830 ||| Stepping ~*~*~tactically~*~*~ (hiding).
 16832 | Lair:5   | 16832 ||| INVOKING Heroism.
 16849 | Lair:5   | 16849 ||| Stepping ~*~*~tactically~*~*~ (hiding).
 16864 | Lair:5   | Killed Nessos
 16865 | Lair:5   | 16865 ||| SWAPPING to +0 flail of protection.
 16876 | Lair:5   | 16876 ||| SWAPPING to +3 war axe of protection.
 16951 | Lair:5   | 16951 ||| Stepping ~*~*~tactically~*~*~ (stealth).
 16955 | Lair:5   | 16955 ||| Stepping ~*~*~tactically~*~*~ (hiding).
 16958 | Lair:5   | 16958 ||| INVOKING Heroism.
 16959 | Lair:5   | 16959 ||| Stepping ~*~*~tactically~*~*~ (stealth).
 16980 | Lair:5   | 16980 ||| Stepping ~*~*~tactically~*~*~ (stealth).
 16982 | Lair:5   | 16982 ||| Stepping ~*~*~tactically~*~*~ (stealth).
 16985 | Lair:5   | 16985 ||| INVOKING Heroism.
 16994 | Lair:5   | Gained mutation: Your large and strong wings let you fly.
                  | [Gargoyle growth]
 16994 | Lair:5   | Reached XP level 14. HP: 31/90 MP: 19/21
 17010 | Lair:5   | 17010 ||| INVOKING Heroism.
 17048 | Lair:5   | 17048 ||| Stepping ~*~*~tactically~*~*~ (stealth).
 17057 | Lair:5   | 17057 ||| Stepping ~*~*~tactically~*~*~ (stealth).
 17087 | Lair:5   | Found a large runed translucent door.
 17087 | Lair:5   | Found a large runed translucent door.
 17091 | Lair:5   | 17091 ||| INVOKING Heroism.
 17099 | Lair:5   | Reached skill level 15 in Axes
 17113 | Lair:5   | Reached skill level 3 in Dodging
 17693 | Lair:5   | 17693 ||| PLANNING D:1-11
 17693 | Lair:5   | 17693 ||| UPGRADING to ring of protection from fire.
 17816 | D:11     | Found an opulent altar of Gozag.
 17866 | D:11     | 17866 ||| Stepping ~*~*~tactically~*~*~ (stealth).
 18070 | D:11     | 18070 ||| FLEEEEING.
 18071 | D:11     | 18071 ||| FLEEEEING.
 18072 | D:11     | 18072 ||| FLEEEEING.
 18073 | D:11     | 18073 ||| FLEEEEING.
 18074 | D:11     | 18074 ||| FLEEEEING.
 18075 | D:11     | 18075 ||| FLEEEEING.
 18076 | D:11     | 18076 ||| FLEEEEING.
 18077 | D:11     | 18077 ||| FLEEEEING.
 18078 | D:11     | 18078 ||| FLEEEEING.
 18079 | D:11     | 18079 ||| FLEEEEING.
 18080 | D:11     | 18080 ||| FLEEEEING.
 18083 | D:11     | 18083 ||| FLEEEEING.
 18089 | D:11     | 18089 ||| FLEEEEING.
 18093 | D:11     | 18093 ||| FLEEEEING.
 18095 | D:11     | 18095 ||| FLEEEEING.
 18096 | D:11     | 18096 ||| FLEEEEING.
 18097 | D:11     | 18097 ||| FLEEEEING.
 18098 | D:11     | 18098 ||| FLEEEEING.
 18099 | D:11     | 18099 ||| FLEEEEING.
 18100 | D:11     | 18100 ||| FLEEEEING.
 18101 | D:11     | 18101 ||| FLEEEEING.
 18103 | D:11     | 18103 ||| INVOKING Heroism.
 18163 | D:11     | Found Agelod's Book Emporium.
 18253 | D:11     | 18253 ||| Stepping ~*~*~tactically~*~*~ (stealth).
 18261 | D:11     | 18261 ||| Stepping ~*~*~tactically~*~*~ (stealth).
 18262 | D:11     | 18262 ||| Stepping ~*~*~tactically~*~*~ (stealth).
 18265 | D:11     | 18265 ||| Stepping ~*~*~tactically~*~*~ (stealth).
 18483 | D:11     | 18483 ||| PLANNING D
 18483 | D:11     | 18483 ||| UPGRADING to +0 helmet.
 18521 | D:12     | Received a gift from Okawaru
 18565 | D:12     | Noticed Urug
 18566 | D:12     | 18566 ||| INVOKING Heroism.
 18567 | D:12     | 18567 ||| INVOKING Finesse.
 18573 | D:12     | Killed Urug
 18701 | D:12     | 18701 ||| INVOKING Heroism.
 18726 | D:12     | 18726 ||| Stepping ~*~*~tactically~*~*~ (stealth).
 18728 | D:12     | 18728 ||| Stepping ~*~*~tactically~*~*~ (stealth).
 18730 | D:12     | 18730 ||| Stepping ~*~*~tactically~*~*~ (hiding).
 18732 | D:12     | 18732 ||| Stepping ~*~*~tactically~*~*~ (hiding).
 18744 | D:12     | 18744 ||| INVOKING Heroism.
 18756 | D:12     | Reached skill level 12 in Fighting
 18809 | D:12     | 18809 ||| Stepping ~*~*~tactically~*~*~ (stealth).
 18848 | D:12     | 18848 ||| Stepping ~*~*~tactically~*~*~ (stealth).
 18849 | D:12     | 18849 ||| SWAPPING to +0 broad axe.
 18850 | D:12     | 18850 ||| DROPPING +3 war axe of protection.
 18961 | D:12     | 18961 ||| INVOKING Heroism.
 18962 | D:12     | 18962 ||| READING 10 scrolls of teleportation.
 18967 | D:12     | Mangled by an enormous slime creature

Levels and vault maps discovered:
D:1:      erik_arrival_blinker_ship, layout_basic,
          ebering_ecumenical_altar_hall, minmay_fountain_box,
          dreamdust_princess_corridor, serial_bayou_pond_a,
          hangedman_decor_peaks_small
D:2:      layout_rooms, kennysheep_flooded_box, dk_noncrumbling_3,
          chequers_serial_rivers_large_a
D:3:      layout_loops_ring, mainiacjoe_overflow_catwalk, minmay_joined_circles
D:4:      layout_basic, pdpol_wu_jian_five_deadly_venoms,
          mainiacjoe_overflow_alcove_1, amcnicky_altar_gilded
D:5:      layout_basic, mainiacjoe_overflow_paths, uniq_ijyb, uniq_edmund,
          uniq_sigmund
D:6:      layout_basic, nicolae_ru_awakened_eye,
          mainiacjoe_overflow_concentric_impassable, uniq_eustachio
D:7:      layout_basic, minmay_temple_entry_grid
D:8:      layout_cave_pods, mainiacjoe_overflow_surrounded_room,
          uniq_prince_ribbit1
D:9:      layout_roguey, uniq_grum
D:10:     layout_cave_pods, nicolae_overflow_crystal_walls, erik_lair_island,
          orc_0_dummy, kennysheep_potato
D:11:     layout_loops_ring, serial_shops, nicolae_shop_window_shopping,
          nicolae_gozag_cash_rules_everything_around_me
D:12:     layout_roguey, serial_bayou_lagoon_b, uniq_urug
Temple:   dshaligram_water_room_temple
Lair:1:   layout_big_grid
Lair:2:   beast_lair_carwin_large_4, layout_hall_layers
Lair:3:   dreamdust_cave_troll, layout_chaotic_city, minmay_swamp_entry_worms,
          spider_nest_entry_webs, gammafunk_ghost_grave
Lair:4:   layout_loops_ring, lemuel_oklob_altar, uniq_josephine
Lair:5:   cheibrodos_lair_end_hotspot, layout_layer_cave, slime_entry_1,
          wad_woods_road_01, disabler_island, uniq_nessos

Skill      XL: |  1  2  3  4  5  6  7  8  9 10 11 12 13 14 |
---------------+-------------------------------------------+-----
Axes           | 2 3 4 5 6 7 9 10 11 12 13 14 15 | 15.1
Fighting       | 4 6 8 9 10 11 12 | 12.0
Dodging        | 1 2 3 |  3.1
Armour         | 4 5 7 8 9 10 11 | 11.0
Shields        | 4 5 6 7 |  7.3
Throwing       | 1 3 4 5 |  5.1
Invocations    | 4 6 10 | 10.0

Action                   |  1- 3 |  4- 6 |  7- 9 | 10-12 | 13-15 || total
-------------------------+-------+-------+-------+-------+-------++-------
Melee: War axe           |   105 |   186 |   254 |   535 |   500 ||  1580
       Flail             |       |       |       |     7 |    19 ||    26
       Broad axe         |       |       |       |       |    12 ||    12
Throw: Boomerang         |       |     7 |    19 |    19 |    41 ||    86
       Javelin           |       |       |       |    83 |    40 ||   123
Invok: Heroism           |       |       |       |    31 |    23 ||    54
       Finesse           |       |       |       |     1 |     5 ||     6
  Use: Scroll            |     5 |     5 |     8 |     8 |     3 ||    29
       Potion            |     1 |       |       |     3 |     2 ||     6
Armor: Scale mail        |    50 |    98 |       |       |       ||   148
       Chain mail        |       |    10 |   104 |    36 |       ||   150
       Plate armour      |       |       |       |   161 |   106 ||   267
       Shadow dragon sca |       |       |       |       |   148 ||   148
Dodge: Dodged            |    39 |    79 |   124 |   226 |   273 ||   741
Block: Buckler           |    26 |    34 |    44 |   102 |   124 ||   330

Table legend:
 A = Non-vault XP
 B = Vault XP
 C = Vault XP percentage of total XP
 D = Non-vault monster count
 E = Vault monster count
 F = Vault count percentage of total count
                 A         B        C        D         E       F
            +---------+---------+-------+---------+---------+-------
      Total |   53279 |   18035 |  25.3 |     345 |      90 |  20.7
            +---------+---------+-------+---------+---------+-------
        D:1 |      50 |       0 |   0.0 |      22 |       0 |   0.0
        D:2 |      60 |       0 |   0.0 |      23 |       0 |   0.0
        D:3 |     279 |      31 |  10.0 |      25 |      11 |  30.6
        D:4 |     248 |       0 |   0.0 |      20 |       0 |   0.0
        D:5 |     426 |     420 |  49.6 |      16 |       3 |  15.8
        D:6 |     878 |     202 |  18.7 |      21 |       1 |   4.5
        D:7 |     977 |       0 |   0.0 |      19 |       0 |   0.0
        D:8 |    1417 |     283 |  16.6 |      11 |       1 |   8.3
        D:9 |    1868 |     427 |  18.6 |      13 |       3 |  18.8
       D:10 |    4132 |    1218 |  22.8 |      29 |      10 |  25.6
       D:11 |    3041 |       0 |   0.0 |      20 |       0 |   0.0
       D:12 |    7669 |     796 |   9.4 |      19 |       1 |   5.0
     Lair:1 |    4528 |       0 |   0.0 |      19 |       0 |   0.0
     Lair:2 |   10020 |    2344 |  19.0 |      37 |      15 |  28.8
     Lair:3 |    3501 |    1885 |  35.0 |      13 |       7 |  35.0
     Lair:4 |    7428 |    2148 |  22.4 |      23 |       5 |  17.9
     Lair:5 |    6757 |    8281 |  55.1 |      15 |      33 |  68.8
            +---------+---------+-------+---------+---------+-------
